 Dungeon Crawl Stone Soup version 0.22-a0-429-g97ce8ef (webtiles) character file.

164 Ijustatesigmund the Skirmisher (level 5, -2/55 HPs)
             Began as an Ogre Artificer on May 25, 2018.
             Killed by divine providence
             ... invoked by an orc priest
              (14 damage)
             ... on level 3 of the Dungeon.
             The game lasted 00:08:07 (3975 turns).

Ijustatesigmund the Skirmisher (Ogre Artificer)     Turns: 3975, Time: 00:08:08

Health: -2/55      AC:  4    Str: 14 (16) XL:     5   Next: 45%
Magic:  6/6        EV: 10    Int: 10 (12) God:
Gold:   137        SH:  0    Dex:  8 (10) Spells: 4/4 levels left

rFire    . . .     SeeInvis .   a - +0 club
rCold    . . .     Gourm    .   (no shield)
rNeg     . . .     Faith    .   b - +1 robe
rPois    .         Spirit   .   (helmet restricted)
rElec    .         Reflect  .   (no cloak)
rCorr    .         Harm     .   (gloves unavailable)
MR       .....                  (boots unavailable)
Stlth    +.........             (no amulet)
HPRegen  0.18/turn              (no ring)
MPRegen  0.10/turn              (no ring)

@: no status effects
A: large, unfitting armour, tough skin 1
a: no special abilities


You were on level 3 of the Dungeon.
You were hungry.

You visited 1 branch of the dungeon, and saw 4 of its levels.

You collected 137 gold pieces.

Inventory:

Hand Weapons
 a - a +0 club (weapon)
Armour
 b - a +1 robe (worn)
Jewellery
 l - an uncursed ring of fire
Wands
 e - a wand of random effects (2)
 h - a wand of digging (9)
Scrolls
 c - a scroll of immolation {unknown}
 g - a scroll of amnesia
 n - 2 scrolls of remove curse
Potions
 i - 2 potions of brilliance
 j - a potion of curing
 k - a potion of degeneration
 m - a potion of resistance {unknown}
 o - a potion of ambrosia {unknown}
Comestibles
 f - a ration


   Skills:
 + Level 4.8 Fighting
   Level 0.8 Short Blades
 + Level 2.6 Maces & Flails
 + Level 2.4 Dodging
 - Level 0.6 Stealth
 - Level 2.4 Evocations


You had 4 spell levels left.
You didn't know any spells.
Your spell library was empty.

Dungeon Overview and Level Annotations

Branches:
Dungeon (4/15)
 Temple: D:4-7

Altars:


Innate Abilities, Weirdness & Mutations

You are too large for most types of armour.
You have tough skin. (AC +1)


Message History

You hit the orc priest but do no damage.
The orc priest is severely wounded.
The orc priest hits you with a hand axe of chopping.
The orc wizard gestures at you while chanting.
The magic dart hits you!
The orc priest hits you with a hand axe of chopping.
* * * LOW HITPOINT WARNING * * *
x2 It was a potion of curing.
You feel better.
It was a potion of degeneration.
There was something very wrong with that liquid.
You feel weakened.
You feel dopey.
You feel clumsy.
The orc priest casts a cantrip, but nothing happens.
The orc wizard hits you with a dagger.
* * * LOW HITPOINT WARNING * * *
The orc priest barely misses you.
You closely miss the orc priest.
The orc priest is severely wounded.
The orc priest mumbles some strange prayers to Beogh against you.
Beogh smites you!
You die...

#.## ...# ###......... ..#
...## #.#........
#####.......###........ .
#..........# #....#.....
#..........+ #....#.....
#..........###.......)..
#............o##..#.####
#..........##o##..#.#
#..........##@##..#.#######
#..........................
##.............)...........
#.................>.......
#.......(.(.(..(.#........
#########..[.....#........
#........#........
##########..#.###########
#........#..#.#


You could see an orc priest and an orc wizard.

Vanquished Creatures
  An orc priest (D:3)
  Jessica (D:3)
  3 adders (D:2)
  2 worms (D:2)
  2 dart slugs
  5 leopard geckos
  3 orcs (D:3)
  2 giant cockroaches (D:2)
  4 goblins
  6 hobgoblins
  6 jackals
  2 quokkas
  4 bats
  5 frilled lizards
  8 kobolds
  4 rats
58 creatures vanquished.

Vanquished Creatures (collateral kills)
  2 orcs (D:3)
  A hobgoblin (D:3)
  A kobold (D:3)
4 creatures vanquished.

Vanquished Creatures (others)
  An ooze (D:3)
  An orc (D:3)
  2 kobolds
4 creatures vanquished.

Grand Total: 66 creatures vanquished

Notes
Turn   | Place    | Note
-------+----------+-------------------------------------------
     0 | D:1      | Ijustatesigmund the Ogre Artificer began the quest for the Orb.
     0 | D:1      | Reached XP level 1. HP: 19/19 MP: 2/2
    88 | D:1      | Reached skill level 2 in Fighting
   165 | D:1      | Reached XP level 2. HP: 9/29 MP: 3/3
   653 | D:1      | Reached skill level 3 in Fighting
  1025 | D:2      | Reached skill level 1 in Maces & Flails
  1025 | D:2      | Reached XP level 3. HP: 19/37 MP: 4/4
  2072 | D:2      | Reached XP level 4. HP: 20/48 MP: 5/5
  2415 | D:2      | Reached skill level 4 in Fighting
  2982 | D:3      | Reached XP level 5. HP: 33/55 MP: 6/6
  3268 | D:3      | Noticed Jessica
  3275 | D:3      | Killed Jessica
  3975 | D:3      | Killed from afar by an orc priest

Vault maps used:
D:1:      dpeg_arrival_simpleton_a
D:3:      grunt_dithmenos_smoke, uniq_jessica
D:4:      lemuel_doored_altar, lemuel_round_altar, first_ration,
          grunt_ministairs_10

Skill      XL: |  1  2  3  4 |
---------------+-------------+-----
Fighting       | 2 3 4 |  4.8
Maces & Flails | 1 2 |  2.6
Dodging        | 2 |  2.4
Short Blades   | |  0.8
Stealth        | |  0.6
Evocations     | |  2.4

Action                   |  1- 3 |  4- 6 || total
-------------------------+-------+-------++-------
Melee: Short sword       |    15 |       ||    15
       Club              |   104 |   148 ||   252
Evoke: Wand              |    16 |    27 ||    43
  Use: Scroll            |     4 |     1 ||     5
       Potion            |       |     2 ||     2
 Stab: Paralysed         |       |     3 ||     3
  Eat: Chunk             |     4 |     5 ||     9
Armor: Robe              |    35 |    55 ||    90
Dodge: Dodged            |    72 |   109 ||   181

Table legend:
 A = Spawn XP
 B = Non-spawn XP
 C = Spawn XP percentage of total XP
 D = Spawn monster count
 E = Non-spawn monster count
 F = Spawn count percentage of total count
 G = Total turns spent on level
                    A         B        C        D         E        F      G
               +---------+---------+-------+---------+---------+-------+---------
         Total |       0 |     235 |   0.0 |       0 |      63 |   0.0 |  3975
               +---------+---------+-------+---------+---------+-------+---------
           D:1 |       0 |      25 |   0.0 |       0 |      14 |   0.0 |  1298
           D:2 |       0 |      92 |   0.0 |       0 |      27 |   0.0 |  2172
           D:3 |       0 |     118 |   0.0 |       0 |      22 |   0.0 |   367
               +---------+---------+-------+---------+---------+-------+---------
